[ PARTIDA AOE2 · #457727767 ]
Team RMPortugueses vs Hindustanis
[ ANÁLISIS DE REPETICIÓN · EXTRAÍDO DE LA PARTIDA GRABADA ]
Feudal
11:26
Castillos
15:42
Imperial
36:21
| APM promedio | 22.3 |
| APM pico | 43 |
| eAPM promedio | 14.0 |
| Aldeanos / militares | 191 / 104 |
Foco
⚔️ 21.5% · 🌾 78.5%
Knight ×27 · Organ Gun ×24 · Scout Cavalry ×17 · Fishing Ship ×11 · Caravel ×9 · Bombard Cannon ×9
Feudal
12:18
Castillos
17:14
Imperial
35:39
| APM promedio | 33.6 |
| APM pico | 95 |
| eAPM promedio | 16.9 |
| Aldeanos / militares | 138 / 197 |
Foco
⚔️ 38.5% · 🌾 61.5%
Galley ×160 · Fishing Ship ×14 · Trade Cog ×11 · Ghulam ×11 · Unknown (2626) ×9 · Fire Galley ×6
Feudal
13:16
Castillos
17:28
Imperial
38:42
| APM promedio | 22.9 |
| APM pico | 44 |
| eAPM promedio | 15.1 |
| Aldeanos / militares | 105 / 183 |
Foco
⚔️ 36.6% · 🌾 63.4%
Longboat ×170 · Fishing Ship ×25 · Spearman ×8 · Cannon Galleon ×4 · Transport Ship ×1
Feudal
12:54
Castillos
17:45
Imperial
—
| APM promedio | 30.3 |
| APM pico | 73 |
| eAPM promedio | 18.4 |
| Aldeanos / militares | 138 / 147 |
Foco
⚔️ 22.6% · 🌾 77.4%
Galley ×53 · Fire Galley ×37 · Magyar Huszar ×25 · Battering Ram ×16 · Fishing Ship ×11 · Unknown (2626) ×5
Mapa de la partida
Recursos iniciales + cada clic de construcción. Líneas = muros · curvas = relieve. ◆ oro · ⬟ piedra · ● bayas · ✦ reliquia · ◌ hueco del cierre
Tu base· ✓ Separados por el mapa
Base de Leafticle· ✓ Separados por el mapa
Base de skefre· ✓ Separados por el mapa
Base de Wombat· ✓ Separados por el mapa
Terreno inicial suavizado · ◌ = hueco del cierre detectado · pasá el cursor para detalles
Inputs por minuto
— swiftarcher2 - - Leafticle
Build order — swiftarcher2
Primeras 150 de 411 acciones detectadas
| 0:00 | Crear | Villager (Male) |
| 0:01 | Crear | Villager (Male) |
| 0:01 | Crear | Villager (Male) |
| 0:01 | Crear | Villager (Male) |
| 0:03 | Construir | House |
| 0:05 | Construir | House |
| 1:25 | Crear | Villager (Male) |
| 1:59 | Construir | Lumber Camp |
| 2:05 | Crear | Villager (Male) |
| 2:29 | Crear | Villager (Male) |
| 3:02 | Crear | Villager (Male) |
| 3:29 | Crear | Villager (Male) |
| 3:49 | Construir | House |
| 3:56 | Crear | Villager (Male) |
| 4:16 | Crear | Villager (Male) |
| 4:29 | Construir | Dock |
| 4:44 | Crear | Villager (Male) |
| 5:16 | Crear | Fishing Ship |
| 5:19 | Crear | Villager (Male) |
| 5:25 | Construir | House |
| 5:35 | Crear | Villager (Male) |
| 5:57 | Crear | Fishing Ship |
| 6:07 | Crear | Villager (Male) |
| 6:18 | Construir | House |
| 6:34 | Crear | Villager (Male) |
| 6:34 | Crear | Villager (Male) |
| 6:39 | Construir | Mining Camp |
| 6:57 | Crear | Villager (Male) |
| 6:58 | Crear | Villager (Male) |
| 7:09 | Crear | Fishing Ship |
| 7:28 | Crear | Villager (Male) |
| 7:28 | Crear | Villager (Male) |
| 8:03 | Crear | Villager (Male) |
| 8:04 | Crear | Villager (Male) |
| 8:05 | Crear | Fishing Ship |
| 8:23 | Construir | House |
| 8:27 | Crear | Villager (Male) |
| 8:27 | Crear | Villager (Male) |
| 8:30 | Crear | Fishing Ship |
| 9:16 | Investigar | Feudal Age |
| 9:17 | Crear | Villager (Male) |
| 9:21 | Construir | Mill |
| 9:37 | Crear | Fishing Ship |
| 9:48 | Construir | House |
| 10:17 | Crear | Fishing Ship |
| 10:37 | Crear | Villager (Male) |
| 10:46 | Construir | Lumber Camp |
| 11:05 | Crear | Fishing Ship |
| 11:26 | Edad | Edad Feudal |
| 12:05 | Construir | Market |
| 12:15 | Crear | Villager (Male) |
| 12:32 | Construir | Blacksmith |
| 12:42 | Investigar | Loom |
| 12:55 | Investigar | Castle Age |
| 13:05 | Construir | Mining Camp |
| 13:26 | Investigar | Double-Bit Axe |
| 13:42 | Crear | Transport Ship |
| 13:44 | Crear | Villager (Male) |
| 13:52 | Construir | House |
| 14:18 | Construir | Dock |
| 14:21 | Crear | Villager (Male) |
| 14:57 | Crear | Villager (Male) |
| 14:58 | Crear | Villager (Male) |
| 15:08 | Crear | Galley |
| 15:10 | Crear | Fire Galley |
| 15:11 | Crear | Fire Galley |
| 15:12 | Crear | Villager (Male) |
| 15:12 | Crear | Villager (Male) |
| 15:42 | Edad | Edad de los Castillos |
| 16:05 | Construir | Town Center |
| 16:06 | Crear | Villager (Male) |
| 16:07 | Crear | Villager (Male) |
| 16:23 | Crear | Caravel |
| 16:27 | Crear | Villager (Male) |
| 17:06 | Crear | Villager (Male) |
| 17:07 | Crear | Villager (Male) |
| 17:18 | Crear | Villager (Male) |
| 17:18 | Crear | Villager (Male) |
| 17:36 | Construir | House |
| 17:44 | Investigar | Wheelbarrow |
| 17:47 | Investigar | Fletching |
| 17:48 | Investigar | Padded Archer Armor |
| 18:06 | Crear | Villager (Male) |
| 18:07 | Crear | Villager (Male) |
| 18:07 | Crear | Villager (Male) |
| 18:08 | Crear | Villager (Male) |
| 18:14 | Crear | Villager (Male) |
| 18:15 | Crear | Villager (Male) |
| 18:30 | Construir | Town Center |
| 18:44 | Crear | Villager (Male) |
| 18:45 | Crear | Villager (Male) |
| 18:54 | Crear | Villager (Male) |
| 19:17 | Crear | Villager (Male) |
| 19:35 | Crear | Villager (Male) |
| 19:35 | Crear | Villager (Male) |
| 20:13 | Investigar | War Galley (upgrade) |
| 20:19 | Crear | Caravel |
| 20:21 | Crear | Galley |
| 20:22 | Crear | Galley |
| 20:23 | Crear | Villager (Male) |
| 20:24 | Crear | Villager (Male) |
| 20:25 | Crear | Villager (Male) |
| 20:39 | Construir | Dock |
| 21:04 | Crear | Galley |
| 21:17 | Construir | House |
| 21:18 | Crear | Villager (Male) |
| 21:19 | Crear | Villager (Male) |
| 22:05 | Crear | Villager (Male) |
| 22:06 | Crear | Villager (Male) |
| 22:06 | Crear | Villager (Male) |
| 22:07 | Crear | Villager (Male) |
| 22:10 | Construir | Farm |
| 22:12 | Construir | Farm |
| 22:29 | Construir | Castle |
| 22:35 | Construir | House |
| 22:37 | Crear | Villager (Male) |
| 22:38 | Crear | Villager (Male) |
| 22:55 | Construir | Farm |
| 23:03 | Crear | Villager (Male) |
| 23:14 | Crear | Fishing Ship |
| 23:14 | Crear | Fishing Ship |
| 23:14 | Crear | Fishing Ship |
| 23:58 | Crear | Caravel ×5 |
| 24:15 | Crear | Organ Gun |
| 24:16 | Crear | Organ Gun |
| 24:17 | Crear | Organ Gun |
| 24:19 | Crear | Villager (Male) |
| 24:20 | Crear | Villager (Male) |
| 24:20 | Crear | Villager (Male) |
| 24:21 | Crear | Villager (Male) |
| 24:21 | Crear | Villager (Male) |
| 24:33 | Construir | Town Center |
| 24:39 | Investigar | Bodkin Arrow |
| 24:46 | Construir | University |
| 24:54 | Crear | Villager (Male) |
| 24:54 | Crear | Villager (Male) |
| 24:55 | Crear | Villager (Male) |
| 24:55 | Crear | Villager (Male) |
| 25:14 | Crear | Caravel |
| 25:17 | Crear | Caravel |
| 26:00 | Crear | Villager (Male) |
| 26:01 | Crear | Villager (Male) |
| 26:01 | Crear | Villager (Male) |
| 26:02 | Crear | Villager (Male) |
| 26:34 | Construir | Watch Tower |
| 26:40 | Crear | Organ Gun |
| 26:40 | Crear | Organ Gun |
| 26:41 | Crear | Villager (Male) |
| 26:45 | Construir | Farm |
| 26:46 | Construir | Farm |
Build order — Leafticle
Primeras 150 de 336 acciones detectadas
| 0:01 | Crear | Villager (Male) ×4 |
| 0:03 | Construir | House |
| 0:05 | Construir | House |
| 1:25 | Crear | Villager (Male) |
| 1:29 | Crear | Villager (Male) |
| 1:53 | Construir | Lumber Camp |
| 2:08 | Crear | Villager (Male) |
| 2:15 | Crear | Villager (Male) |
| 2:47 | Crear | Villager (Male) |
| 3:09 | Crear | Villager (Male) |
| 3:19 | Construir | House |
| 3:40 | Crear | Villager (Male) |
| 3:54 | Crear | Villager (Male) |
| 3:54 | Crear | Villager (Male) |
| 4:27 | Construir | Dock |
| 4:35 | Crear | Villager (Male) |
| 4:53 | Crear | Villager (Male) |
| 5:04 | Crear | Fishing Ship |
| 5:20 | Crear | Villager (Male) |
| 5:33 | Crear | Fishing Ship |
| 5:41 | Crear | Villager (Male) |
| 5:46 | Construir | House |
| 5:58 | Investigar | Loom |
| 6:05 | Crear | Villager (Male) |
| 6:13 | Crear | Villager (Male) |
| 6:16 | Construir | House |
| 6:19 | Crear | Fishing Ship |
| 6:24 | Construir | House |
| 6:55 | Crear | Fishing Ship |
| 6:57 | Crear | Villager (Male) |
| 7:29 | Crear | Villager (Male) |
| 7:35 | Crear | Fishing Ship |
| 7:51 | Construir | Dock |
| 7:57 | Crear | Villager (Male) |
| 8:07 | Crear | Villager (Male) |
| 8:21 | Crear | Fishing Ship |
| 8:30 | Crear | Fishing Ship |
| 8:42 | Crear | Villager (Male) |
| 8:42 | Crear | Villager (Male) |
| 8:46 | Crear | Fishing Ship |
| 9:04 | Crear | Fishing Ship |
| 9:14 | Construir | House |
| 9:17 | Construir | House |
| 9:17 | Construir | House |
| 9:23 | Crear | Villager (Male) |
| 9:40 | Crear | Fishing Ship |
| 9:50 | Crear | Fishing Ship |
| 9:58 | Investigar | Feudal Age |
| 10:15 | Construir | Mining Camp |
| 10:29 | Crear | Fishing Ship |
| 10:43 | Crear | Villager (Male) |
| 10:50 | Construir | House |
| 10:53 | Construir | House |
| 11:03 | Crear | Fishing Ship |
| 11:14 | Crear | Fishing Ship |
| 11:25 | Construir | Lumber Camp |
| 11:32 | Construir | Lumber Camp |
| 11:50 | Crear | Transport Ship |
| 12:18 | Edad | Edad Feudal |
| 12:42 | Construir | Blacksmith |
| 12:52 | Investigar | Double-Bit Axe |
| 12:53 | Crear | Villager (Male) |
| 12:54 | Crear | Villager (Male) |
| 13:22 | Construir | Mill |
| 13:29 | Construir | Mill |
| 13:32 | Crear | Villager (Male) |
| 13:42 | Investigar | Tech 906 |
| 13:53 | Crear | Villager (Male) |
| 14:02 | Construir | Market |
| 14:04 | Crear | Villager (Male) |
| 14:22 | Construir | Lumber Camp |
| 14:34 | Investigar | Castle Age |
| 14:47 | Crear | Unit 2626 |
| 15:02 | Construir | House |
| 15:11 | Crear | Trade Cog |
| 15:32 | Crear | Trade Cog |
| 15:32 | Crear | Trade Cog |
| 15:53 | Crear | Trade Cog |
| 15:53 | Crear | Trade Cog |
| 16:18 | Crear | Trade Cog |
| 16:19 | Crear | Trade Cog |
| 16:20 | Investigar | Wheelbarrow |
| 16:57 | Crear | Trade Cog |
| 17:04 | Crear | Unit 2626 |
| 17:05 | Crear | Unit 2626 |
| 17:05 | Crear | Unit 2626 |
| 17:05 | Crear | Unit 2626 |
| 17:07 | Crear | Unit 2626 |
| 17:09 | Crear | Villager (Male) |
| 17:14 | Edad | Edad de los Castillos |
| 17:17 | Construir | Town Center |
| 17:29 | Investigar | Bow Saw |
| 17:30 | Investigar | Gold Mining |
| 17:45 | Investigar | War Galley (upgrade) |
| 17:58 | Crear | Unit 2626 |
| 18:13 | Crear | Villager (Male) |
| 18:13 | Crear | Villager (Male) |
| 18:27 | Construir | Dock |
| 18:30 | Crear | Villager (Male) |
| 18:30 | Crear | Villager (Male) |
| 18:30 | Crear | Villager (Male) |
| 18:36 | Crear | Unit 2626 |
| 18:41 | Crear | Unit 2626 |
| 18:49 | Investigar | Tech 906 |
| 19:10 | Crear | Villager (Male) |
| 19:10 | Crear | Villager (Male) |
| 19:17 | Construir | House |
| 19:17 | Construir | House |
| 19:21 | Crear | Villager (Male) |
| 19:41 | Construir | Town Center |
| 20:14 | Crear | Villager (Male) |
| 20:14 | Crear | Villager (Male) |
| 20:20 | Crear | Fire Galley |
| 20:20 | Crear | Fire Galley |
| 20:20 | Crear | Fire Galley |
| 20:20 | Crear | Fire Galley |
| 20:21 | Crear | Fire Galley |
| 20:21 | Crear | Fire Galley |
| 20:39 | Crear | Galley |
| 20:39 | Crear | Galley |
| 20:39 | Crear | Galley |
| 20:39 | Crear | Galley |
| 20:40 | Crear | Galley |
| 20:40 | Crear | Galley |
| 20:41 | Crear | Galley |
| 21:13 | Investigar | Hand Cart |
| 21:33 | Crear | Galley |
| 21:34 | Crear | Galley |
| 21:34 | Crear | Galley |
| 21:43 | Crear | Villager (Male) |
| 21:43 | Crear | Villager (Male) |
| 21:43 | Crear | Villager (Male) |
| 22:00 | Crear | Villager (Male) |
| 22:08 | Crear | Villager (Male) |
| 22:08 | Crear | Villager (Male) |
| 22:27 | Crear | Galley |
| 22:27 | Crear | Galley |
| 22:27 | Crear | Galley |
| 22:28 | Crear | Galley |
| 22:31 | Crear | Villager (Male) |
| 22:31 | Crear | Villager (Male) |
| 22:36 | Construir | House |
| 22:36 | Construir | House |
| 22:36 | Construir | House |
| 22:37 | Construir | House |
| 22:37 | Construir | House |
| 22:37 | Construir | House |
| 22:41 | Construir | House |
| 22:44 | Crear | Villager (Male) |
| 22:45 | Crear | Villager (Male) |
Build order — skefre
Primeras 150 de 319 acciones detectadas
| 0:02 | Crear | Villager (Male) |
| 0:02 | Crear | Villager (Male) |
| 0:02 | Crear | Villager (Male) |
| 0:02 | Crear | Villager (Male) |
| 0:03 | Crear | Villager (Male) |
| 0:03 | Crear | Villager (Male) |
| 0:06 | Construir | House |
| 0:16 | Construir | House |
| 1:17 | Crear | Villager (Male) |
| 1:17 | Crear | Villager (Male) |
| 1:49 | Crear | Villager (Male) |
| 1:50 | Crear | Villager (Male) |
| 2:21 | Construir | Lumber Camp |
| 2:33 | Crear | Villager (Male) |
| 2:34 | Crear | Villager (Male) |
| 2:34 | Crear | Villager (Male) |
| 3:07 | Crear | Villager (Male) |
| 3:07 | Crear | Villager (Male) |
| 3:35 | Construir | House |
| 3:53 | Crear | Villager (Male) |
| 4:06 | Construir | House |
| 4:29 | Crear | Villager (Male) |
| 4:29 | Crear | Villager (Male) |
| 4:29 | Crear | Villager (Male) |
| 5:01 | Crear | Villager (Male) |
| 5:01 | Crear | Villager (Male) |
| 5:13 | Construir | Dock |
| 5:37 | Crear | Villager (Male) |
| 6:02 | Crear | Fishing Ship |
| 6:03 | Crear | Fishing Ship |
| 6:04 | Crear | Fishing Ship |
| 6:21 | Crear | Villager (Male) |
| 6:22 | Crear | Villager (Male) |
| 6:27 | Crear | Villager (Male) |
| 6:27 | Crear | Villager (Male) |
| 6:58 | Crear | Fishing Ship |
| 7:03 | Crear | Fishing Ship |
| 7:21 | Crear | Villager (Male) |
| 7:22 | Crear | Villager (Male) |
| 7:23 | Crear | Villager (Male) |
| 7:28 | Construir | House |
| 7:39 | Crear | Fishing Ship |
| 7:57 | Crear | Villager (Male) |
| 8:04 | Construir | House |
| 8:06 | Crear | Fishing Ship |
| 8:15 | Crear | Fishing Ship |
| 8:33 | Construir | House |
| 8:54 | Crear | Fishing Ship |
| 9:13 | Crear | Fishing Ship |
| 9:14 | Crear | Fishing Ship |
| 9:42 | Crear | Villager (Male) |
| 9:42 | Crear | Villager (Male) |
| 9:43 | Crear | Villager (Male) |
| 9:44 | Crear | Villager (Male) |
| 9:44 | Crear | Villager (Male) |
| 9:44 | Crear | Villager (Male) |
| 9:52 | Construir | Mining Camp |
| 10:06 | Crear | Fishing Ship |
| 10:08 | Crear | Fishing Ship |
| 11:06 | Investigar | Feudal Age |
| 11:22 | Construir | Mill |
| 11:40 | Crear | Fishing Ship |
| 11:40 | Crear | Fishing Ship |
| 11:41 | Crear | Fishing Ship |
| 11:57 | Construir | Dock |
| 12:10 | Construir | House |
| 12:11 | Construir | House |
| 12:12 | Construir | House |
| 12:20 | Crear | Villager (Male) |
| 12:21 | Crear | Villager (Male) |
| 13:12 | Crear | Fishing Ship |
| 13:13 | Crear | Fishing Ship |
| 13:14 | Crear | Fishing Ship |
| 13:16 | Edad | Edad Feudal |
| 13:25 | Construir | Blacksmith |
| 13:59 | Construir | Market |
| 14:48 | Investigar | Castle Age |
| 14:48 | Investigar | Castle Age |
| 14:59 | Crear | Transport Ship |
| 15:24 | Investigar | Double-Bit Axe |
| 15:55 | Construir | House |
| 15:57 | Construir | House |
| 17:11 | Construir | House |
| 17:12 | Construir | House |
| 17:16 | Investigar | Tech 906 |
| 17:18 | Crear | Fishing Ship |
| 17:18 | Crear | Fishing Ship |
| 17:19 | Crear | Fishing Ship |
| 17:19 | Crear | Fishing Ship |
| 17:20 | Crear | Fishing Ship |
| 17:21 | Crear | Fishing Ship |
| 17:28 | Edad | Edad de los Castillos |
| 17:43 | Construir | Town Center |
| 17:50 | Investigar | Loom |
| 17:50 | Crear | Villager (Male) |
| 17:51 | Crear | Villager (Male) |
| 17:51 | Crear | Villager (Male) |
| 17:51 | Crear | Villager (Male) |
| 17:51 | Crear | Villager (Male) |
| 17:52 | Crear | Villager (Male) |
| 18:23 | Construir | Town Center |
| 18:58 | Crear | Villager (Male) |
| 18:58 | Crear | Villager (Male) |
| 18:59 | Crear | Villager (Male) |
| 18:59 | Crear | Villager (Male) |
| 18:59 | Crear | Villager (Male) |
| 18:59 | Crear | Villager (Male) |
| 19:00 | Crear | Villager (Male) |
| 19:00 | Crear | Villager (Male) |
| 19:00 | Crear | Villager (Male) |
| 19:00 | Crear | Villager (Male) |
| 19:01 | Crear | Villager (Male) |
| 19:01 | Crear | Villager (Male) |
| 19:01 | Crear | Villager (Male) |
| 19:01 | Crear | Villager (Male) |
| 19:02 | Crear | Villager (Male) |
| 19:02 | Crear | Villager (Male) |
| 19:28 | Crear | Villager (Male) |
| 19:36 | Crear | Longboat |
| 19:37 | Crear | Longboat |
| 20:01 | Crear | Longboat |
| 20:26 | Crear | Longboat |
| 20:27 | Crear | Longboat |
| 20:27 | Crear | Longboat |
| 20:48 | Investigar | Fletching |
| 21:51 | Crear | Longboat |
| 21:51 | Crear | Longboat |
| 21:51 | Crear | Longboat |
| 21:52 | Crear | Longboat |
| 21:52 | Crear | Longboat |
| 21:52 | Crear | Longboat |
| 22:03 | Crear | Villager (Male) |
| 22:03 | Crear | Villager (Male) |
| 22:04 | Crear | Villager (Male) |
| 22:04 | Crear | Villager (Male) |
| 22:04 | Crear | Villager (Male) |
| 22:04 | Crear | Villager (Male) |
| 22:05 | Crear | Villager (Male) |
| 22:05 | Crear | Villager (Male) |
| 22:06 | Crear | Villager (Male) |
| 22:06 | Crear | Villager (Male) |
| 22:06 | Crear | Villager (Male) |
| 22:14 | Investigar | Bodkin Arrow |
| 22:22 | Construir | University |
| 22:45 | Crear | Longboat |
| 22:45 | Crear | Longboat |
| 22:45 | Crear | Longboat |
| 22:46 | Crear | Longboat |
| 22:46 | Crear | Longboat |
| 22:52 | Construir | House |
Build order — Wombat
Primeras 150 de 365 acciones detectadas
| 0:02 | Crear | Villager (Male) |
| 0:02 | Crear | Villager (Male) |
| 0:02 | Crear | Villager (Male) |
| 0:03 | Crear | Villager (Male) |
| 0:03 | Crear | Villager (Male) |
| 0:06 | Construir | House |
| 0:08 | Construir | House |
| 1:27 | Crear | Villager (Male) |
| 1:27 | Crear | Villager (Male) |
| 1:57 | Construir | Lumber Camp |
| 1:59 | Crear | Villager (Male) |
| 1:59 | Crear | Villager (Male) |
| 2:44 | Crear | Villager (Male) |
| 3:07 | Construir | House |
| 3:22 | Crear | Villager (Male) |
| 3:29 | Crear | Villager (Male) |
| 4:27 | Construir | Dock |
| 4:32 | Crear | Villager (Male) |
| 4:32 | Crear | Villager (Male) |
| 4:54 | Construir | House |
| 5:02 | Crear | Villager (Male) |
| 5:14 | Crear | Fishing Ship |
| 5:25 | Crear | Villager (Male) |
| 5:42 | Crear | Villager (Male) |
| 5:52 | Crear | Fishing Ship |
| 6:13 | Crear | Fishing Ship |
| 6:24 | Crear | Villager (Male) |
| 6:39 | Crear | Fishing Ship |
| 6:45 | Construir | House |
| 6:54 | Crear | Villager (Male) |
| 7:17 | Construir | House |
| 7:29 | Crear | Villager (Male) |
| 7:47 | Construir | Dock |
| 8:01 | Crear | Villager (Male) |
| 8:07 | Crear | Fishing Ship |
| 8:21 | Construir | House |
| 8:37 | Crear | Villager (Male) |
| 8:44 | Crear | Fishing Ship |
| 8:53 | Crear | Fishing Ship |
| 8:57 | Crear | Villager (Male) |
| 9:14 | Construir | House |
| 9:16 | Crear | Fishing Ship |
| 9:20 | Crear | Villager (Male) |
| 9:45 | Construir | Lumber Camp |
| 9:46 | Crear | Villager (Male) |
| 9:56 | Crear | Fishing Ship |
| 10:01 | Crear | Villager (Male) |
| 10:42 | Crear | Fishing Ship |
| 10:44 | Investigar | Feudal Age |
| 10:59 | Construir | Mining Camp |
| 11:02 | Crear | Fishing Ship |
| 11:37 | Construir | Mill |
| 11:42 | Crear | Transport Ship |
| 11:59 | Crear | Transport Ship |
| 12:54 | Edad | Edad Feudal |
| 13:00 | Crear | Villager (Male) |
| 13:00 | Crear | Villager (Male) |
| 13:01 | Crear | Villager (Male) |
| 13:15 | Investigar | Tech 906 |
| 13:21 | Crear | Villager (Male) |
| 13:21 | Crear | Villager (Male) |
| 13:23 | Investigar | Double-Bit Axe |
| 13:30 | Construir | Blacksmith |
| 13:36 | Construir | Market |
| 13:52 | Construir | Mining Camp |
| 13:56 | Crear | Villager (Male) |
| 14:20 | Construir | House |
| 14:26 | Construir | Lumber Camp |
| 14:32 | Crear | Villager (Male) |
| 15:00 | Investigar | Castle Age |
| 15:21 | Crear | Unit 2626 ×5 |
| 16:17 | Construir | House |
| 16:19 | Construir | House |
| 16:22 | Investigar | Fletching |
| 16:29 | Crear | Fire Galley |
| 16:29 | Crear | Fire Galley |
| 16:50 | Construir | Dock |
| 17:05 | Crear | Villager (Male) |
| 17:06 | Crear | Villager (Male) |
| 17:24 | Construir | House |
| 17:25 | Construir | House |
| 17:45 | Edad | Edad de los Castillos |
| 17:50 | Crear | Villager (Male) |
| 17:57 | Construir | Town Center |
| 18:29 | Crear | Villager (Male) |
| 18:37 | Construir | House |
| 18:38 | Construir | House |
| 18:48 | Investigar | War Galley (upgrade) |
| 19:01 | Investigar | Gillnets |
| 19:09 | Crear | Galley ×5 |
| 19:10 | Crear | Galley |
| 19:36 | Crear | Villager (Male) |
| 19:36 | Crear | Villager (Male) |
| 19:36 | Crear | Villager (Male) |
| 19:36 | Crear | Villager (Male) |
| 19:36 | Crear | Villager (Male) |
| 19:37 | Crear | Villager (Male) |
| 19:41 | Construir | Siege Workshop |
| 20:15 | Investigar | Bodkin Arrow |
| 20:25 | Construir | Barracks |
| 20:53 | Crear | Galley ×3 |
| 20:57 | Crear | Villager (Male) |
| 20:58 | Crear | Villager (Male) |
| 21:02 | Crear | Villager (Male) |
| 21:02 | Crear | Villager (Male) |
| 21:03 | Crear | Villager (Male) |
| 21:04 | Crear | Villager (Male) |
| 21:08 | Investigar | Gold Mining |
| 21:41 | Crear | Villager (Male) |
| 21:41 | Crear | Villager (Male) |
| 21:51 | Construir | Town Center |
| 21:52 | Crear | Villager (Male) |
| 21:55 | Crear | Villager (Male) |
| 21:56 | Crear | Villager (Male) |
| 22:33 | Crear | Mangonel |
| 22:42 | Crear | Demolition Raft |
| 23:00 | Crear | Villager (Male) |
| 23:00 | Crear | Villager (Male) |
| 23:00 | Crear | Villager (Male) |
| 23:02 | Crear | Militia |
| 23:03 | Crear | Militia |
| 23:38 | Construir | Castle |
| 23:41 | Crear | Villager (Male) |
| 23:42 | Crear | Villager (Male) |
| 24:06 | Crear | Galley ×5 |
| 24:06 | Crear | Galley |
| 24:24 | Crear | Villager (Male) |
| 24:25 | Crear | Villager (Male) |
| 24:25 | Crear | Villager (Male) |
| 24:25 | Crear | Villager (Male) |
| 24:47 | Investigar | Wheelbarrow |
| 24:52 | Crear | Villager (Male) |
| 24:53 | Crear | Villager (Male) |
| 24:57 | Crear | Magyar Huszar |
| 24:57 | Crear | Magyar Huszar |
| 25:12 | Crear | Villager (Male) |
| 25:23 | Construir | Barracks |
| 25:39 | Crear | Villager (Male) |
| 25:39 | Crear | Villager (Male) |
| 25:43 | Construir | Farm |
| 25:47 | Construir | Farm |
| 26:02 | Crear | Villager (Male) |
| 26:03 | Crear | Villager (Male) |
| 26:04 | Crear | Villager (Male) |
| 26:06 | Construir | Mining Camp |
| 26:19 | Crear | Galley ×3 |
| 26:59 | Crear | Villager (Male) |
| 26:59 | Crear | Villager (Male) |
| 26:59 | Crear | Villager (Male) |
| 27:02 | Crear | Spearman |
Cronología de la partida
| 4:27 | Leafticle · first_building Dock |
| 4:27 | Wombat · first_building Dock |
| 4:29 | swiftarcher2 · first_building Dock |
| 5:13 | skefre · first_building Dock |
| 11:26 | swiftarcher2 · age_up feudal |
| 12:18 | Leafticle · age_up feudal |
| 12:54 | Wombat · age_up feudal |
| 13:16 | skefre · age_up feudal |
| 15:42 | swiftarcher2 · age_up castle |
| 17:14 | Leafticle · age_up castle |
| 17:28 | skefre · age_up castle |
| 17:45 | Wombat · age_up castle |
| 18:13 | skefre · first_market_buy 100 wood |
| 19:41 | Wombat · first_building Siege Workshop |
| 20:25 | Wombat · first_building Barracks |
| 22:29 | swiftarcher2 · first_building Castle |
| 23:38 | Wombat · first_building Castle |
| 24:47 | skefre · first_building Barracks |
| 29:04 | Wombat · first_market_buy 100 wood |
| 30:28 | Leafticle · first_market_buy 100 stone |
| 30:32 | Leafticle · first_building Castle |
| 30:39 | Leafticle · first_building Monastery |
| 31:29 | skefre · first_building Castle |
| 32:34 | swiftarcher2 · first_market_sell 500 stone |
| 32:37 | swiftarcher2 · first_market_buy 100 food |
| 35:27 | swiftarcher2 · first_building Barracks |
| 35:39 | Leafticle · age_up imperial |
| 36:21 | swiftarcher2 · age_up imperial |
| 38:11 | swiftarcher2 · first_building Siege Workshop |
| 38:30 | Leafticle · first_building Siege Workshop |
| 38:42 | skefre · age_up imperial |
| 39:15 | swiftarcher2 · tribute_sent a jugador 2 |
| 39:15 | swiftarcher2 · tribute_sent a jugador 3 |
| 39:15 | swiftarcher2 · tribute_sent a jugador 4 |
| 39:19 | skefre · first_market_sell 100 stone |
| 39:38 | Wombat · first_market_sell 100 wood |
| 42:10 | swiftarcher2 · first_building Stable |
| 49:22 | Wombat · resign |
[ ANÁLISIS IA · 1 CRÉDITO ]
¿Qué pasó realmente en esta partida?
Wolo.gg analiza cada decisión: build order, eco, micro, errores típicos por bracket. Análisis personalizado por WhatsApp o Discord en 30 segundos.
Guía civ
Portugueses
Guía mapa
Migration
Perfil
swiftarcher2